Cogmind - Beta 11 X8 *** ADVENTURER MODE // 2021.11.20 @ 07:59:06 Player: RogirekTheMad Result: Destroyed by G-73 Enforcer with Heavy Laser Performance ------------- Evolutions (8) 4000 Regions Visited (15) 3000 Robots Destroyed (224) 1120 Value Destroyed (11751) 11751 Prototype IDs (37) 740 Alien Tech Used (0) 0 Bonus (7097) 7097 TOTAL SCORE: 27708 Bonus ------- Triggered Max Security 1000 High Alert Combat Kills 4098 Follower Combat Kills 428 Entered DSFs 500 Aligned with FarCom 300 Met R17 at Cetus 500 Scanned by Researcher 500 Friendly Fire -229 Cogmind --------- Core Integrity 0/1450 Matter 86/300 Energy 100/100 System Corruption 5% Temperature Cool (8) Movement Core (50) Location -2/Testing Parts ------- > --- POWER (2) -------- (None) > --- PROPULSION (6) --- (None) > --- UTILITY (11) ----- (None) > --- WEAPON (4) ------- (None) > --- INVENTORY (5) ---- Particle Reactor Light Quantum Reactor Peak State ------------ > --- POWER ------------ Reinforced Antimatter Reactor Reinforced Antimatter Reactor > --- PROPULSION ------- Flexi-carbon Leg Myomer Leg Myomer Leg Myomer Leg Myomer Leg Myomer Leg > --- UTILITY ---------- Large Storage Unit Advanced Visual Processing Unit Improved Targeting Computer Improved Core Analyzer Improved Armor Integrity Analyzer Advanced Weapon Cycler Improved Cloaking Device Improved Utility Shielding Heavy Armor Plating Improved Light Armor Plating > --- WEAPON ----------- Linear Accelerator Perforator Micro-nuke Launcher > --- INVENTORY -------- Particle Reactor Light Quantum Reactor Armored Leg Armored Leg Myomer Leg Myomer Leg Myomer Leg Advanced Heat Sink Advanced Cooling System Electrolaser Heavy Machine Gun Heavy Machine Gun Railgun Improved KE Penetrator [Rating: 147] Favorites ----------- Power Ion Engine Engine Ion Engine Power Core Light Fission Core Reactor Reinforced Antimatter Reactor Propulsion Armored Leg Leg Armored Leg Wheel Armored Huge Wheel Utility Large Storage Unit Device Advanced Cooling System Storage Large Storage Unit Processor Improved Core Analyzer Hackware Authchip [R/Combat] Protection Improved Medium Armor Plating Weapon Improved KE Penetrator Energy Gun Medium Laser Energy Cannon Beam Cannon Ballistic Gun Improved KE Penetrator Ballistic Cannon Heavy Assault Cannon Launcher Micro-nuke Launcher Build | -11 -10 -10 -10 -9 -8 -7 -6 -6 -5 -5 -5 -4 -3 -2 -2 ------- Run | Scr Mat Min Exi Min Mat Fac Fac DSF Fac Ext Cet Fac Res Res Tes Slots Evolved 16 | . . . . . 4 2 2 . 2 . . 2 2 2 . Power 1 | . . . . . . . . . . . . . 1 . . Propulsion 4 | . . . . . 2 . . . . . . 1 1 . . Utility 9 | . . . . . 1 1 2 . 2 . . 1 . 2 . Weapon 2 | . . . . . 1 1 . . . . . . . . . Parts Attached 182 | 6 7 . 2 . 14 7 5 9 18 10 11 15 60 2 16 Power 23 | 1 1 . . . 4 . 2 3 1 1 1 . 9 . . Engine 11 | 1 1 . . . 4 . 1 3 1 . . . . . . Core 4 | . . . . . . . 1 . . 1 1 . 1 . . Reactor 8 | . . . . . . . . . . . . . 8 . . Propulsion 50 | 2 1 . . . 5 2 . . 8 . 1 2 23 . 6 Treads . | . . . . . . . . . . . . . . . . Leg 48 | 2 1 . . . 5 . . . 8 . 1 2 23 . 6 Wheel 2 | . . . . . . 2 . . . . . . . . . Hover . | . . . . . . . . . . . . . . . . Flight . | . . . . . . . . . . . . . . . . Utility 64 | 1 1 . 1 . 1 2 2 6 7 4 2 12 20 2 3 Device 26 | . 1 . . . . 1 . 2 3 1 1 6 7 1 3 Storage 4 | 1 . . 1 . . . . . . . . . 2 . . Processor 11 | . . . . . 1 . 2 2 2 1 . . 3 . . Hackware 5 | . . . . . . . . . . . . 5 . . . Protection 18 | . . . . . . 1 . 2 2 2 1 1 8 1 . Artifact . | . . . . . . . . . . . . . . . . Weapon 45 | 2 4 . 1 . 4 3 1 . 2 5 7 1 8 . 7 Energy Gun 5 | 1 . . . . 1 . . . . . 1 . 1 . 1 Energy Cannon 4 | . 2 . . . 2 . . . . . . . . . . Ballistic Gun 23 | 1 2 . 1 . . . . . . 3 5 1 6 . 4 Ballistic Cannon 12 | . . . . . 1 3 1 . 2 2 1 . 1 . 1 Launcher 1 | . . . . . . . . . . . . . . . 1 Special Weapon . | . . . . . . . . . . . . . . . . Impact Weapon . | . . . . . . . . . . . . . . . . Slashing Weapon . | . . . . . . . . . . . . . . . . Piercing Weapon . | . . . . . . . . . . . . . . . . Special Melee Weapon . | . . . . . . . . . . . . . . . . Unidentified Prototypes 10 | . . . . . 1 1 . . . . 3 . 3 . 2 Parts Lost 55 | . . . . . . . . 1 6 4 2 2 13 . 27 Power 1 | . . . . . . . . . . 1 . . . . . Propulsion 14 | . . . . . . . . . . . 1 . 2 . 11 Utility 24 | . . . . . . . . 1 4 1 1 1 7 . 9 Weapon 16 | . . . . . . . . . 2 2 . 1 4 . 7 Highest Loss Streak 27 | . . . . . . . . 1 5 4 2 2 7 . 27 Average Slot Usage (%) 88 | . 97 100 86 85 89 76 72 73 83 92 99 95 98 95 65 Engine 5 | . 13 14 14 14 9 7 5 6 5 2 . . . . . Core 1 | . . . . . . . . . . 2 5 5 1 . . Reactor 1 | . . . . . . . . . . . . . 6 8 5 Leg 24 | . 28 28 28 28 35 14 . . 23 23 23 26 27 26 17 Wheel 1 | . . . . . . 7 13 13 . . . . . . . Device 11 | . 13 14 14 14 9 7 6 11 9 11 11 11 13 8 6 Storage 7 | . 14 14 14 14 9 7 6 6 5 5 5 5 5 4 3 Processor 12 | . . . . . 9 7 20 14 20 22 23 20 14 17 13 Protection 4 | . . . . . . 7 6 6 5 4 4 5 6 13 8 Energy Cannon 1 | . 8 14 1 . 3 . . . . . . . . . . Ballistic Gun 10 | . 14 14 14 14 9 7 6 6 . 6 17 15 18 13 2 Ballistic Cannon 4 | . . . . . 5 7 5 6 10 7 5 4 . 4 5 Naked Turns 30 | . . . . . . . . . . . . . . . 30 Heaviest Build 133 | 13 15 15 36 36 43 53 56 60 77 74 64 70 115 119 133 Greatest Support 150 | 20 20 20 20 20 45 56 56 56 80 64 64 89 150 145 145 Greatest Overweight (x) 4 | 4 . . 1 1 1 1 . 2 1 1 . . . . 2 Average Overweight (x) . | . . . . 1 . . . . . . . . . . . Largest Inventory Capacity 15 | 8 8 8 15 15 15 15 15 15 15 15 15 15 15 15 15 Average Capacity 14 | 7 8 8 13 15 15 15 15 15 15 15 15 15 15 15 12 Most Carried 15 | 4 8 8 13 14 15 15 15 15 15 15 15 15 15 13 15 Average Carried 12 | 2 7 8 9 13 14 14 14 14 11 14 14 12 14 12 10 Final Capacity 15 | 8 8 8 15 15 15 15 15 15 15 15 15 15 15 15 5 Final Carried 15 | 4 8 8 13 14 15 15 15 15 14 15 15 12 14 12 2 Class Distribution -------------------- 30% | Skirmisher 29% | Scavenger-Gunner 20% | Mutant 14% | Gunner Dominant Class ---------------- Mutant | -10/Materials Mutant | -10/Mines Mutant | -10/Exiles Mutant | -9/Mines Skirmisher | -8/Materials Skirmisher | -7/Factory Skirmisher | -6/Factory Skirmisher | -6/DSF Gunner | -5/Factory Gunner | -5/Extension Scavenger-Gunner | -5/Cetus Scavenger-Gunner | -4/Factory Scavenger-Gunner | -3/Research Scavenger-Gunner | -2/Research Mutant | -2/Testing Resources | -11 -10 -10 -10 -9 -8 -7 -6 -6 -5 -5 -5 -4 -3 -2 -2 ----------- Run | Scr Mat Min Exi Min Mat Fac Fac DSF Fac Ext Cet Fac Res Res Tes Matter Collected 6543 | 218 127 21 . 12 190 230 . 140 712 730 758 273 2881 . 251 Remotely . | . . . . . . . . . . . . . . . . Salvage Created 11782 | . 156 . . 40 462 413 . 396 656 950 940 212 6531 . 1026 Parts 536 | . 14 . . 6 32 24 . 34 25 38 43 18 268 . 34 Haulers Intercepted 1 | . . . . . . . . . . . . . 1 . . Recyclers Shooed 3 | . . . . . 1 . . . 1 1 . . . . . Parts Field Recycled . | . . . . . . . . . . . . . . . . Retrieved Matter . | . . . . . . . . . . . . . . . . Parts Self-Destructed . | . . . . . . . . . . . . . . . . Prevented . | . . . . . . . . . . . . . . . . Kills | -11 -10 -10 -10 -9 -8 -7 -6 -6 -5 -5 -5 -4 -3 -2 -2 ------- Run | Scr Mat Min Exi Min Mat Fac Fac DSF Fac Ext Cet Fac Res Res Tes Combat Hostiles Destroyed 199 | . 7 . . 4 11 7 . 9 17 17 18 3 85 . 21 Melee 1 | . . . . . . . . . . . . . 1 . . Guns 138 | . 3 . . 3 9 6 . 7 . 8 13 3 84 . 2 Cannons 46 | . 4 . . . 1 1 . 2 17 9 5 . . . 7 AOE 14 | . . . . 1 1 . . . . . . . . . 12 Classes Destroyed 22 | . 2 . . . 4 4 . 2 1 2 . . 6 . 1 Worker 15 | . . . . . 1 . . . 2 3 . . 9 . . Builder 4 | . . . . . . . . . . . . . 4 . . Tunneler 2 | . . . . . . . . . . 1 . . 1 . . Hauler 1 | . . . . . . . . . . . . . 1 . . Recycler 2 | . . . . . . . . . . . . . 2 . . Mechanic 1 | . . . . . . . . . . . . . 1 . . Operator 1 | . . . . . . 1 . . . . . . . . . Watcher 7 | . . . . . 2 3 . . . . 2 . . . . Swarmer 38 | . 5 . . 4 4 . . 3 4 . 3 . 15 . . Cutter 2 | . . . . . . . . 2 . . . . . . . Saboteur 1 | . . . . . . . . . . . . . 1 . . Grunt 75 | . 2 . . . 3 2 . . 7 10 4 . 37 . 10 Brawler 12 | . . . . . . . . . 3 . . . 5 . 4 Duelist 3 | . . . . . 1 . . . . . . . . . 2 Protector 6 | . . . . . . . . . . . . . 2 . 4 Researcher 1 | . . . . . . . . . . . . . . . 1 Sentry 13 | . . . . . 3 2 . . 1 3 . . 4 . . Specialist 5 | . . . . . . 1 . 2 . . . . 2 . . Hunter 18 | . . . . . . . . 1 1 2 3 . 10 . 1 Programmer 12 | . . . . . . 1 . . 1 . . 2 8 . . Heavy 4 | . . . . . . 1 . 1 . . . 1 1 . . Behemoth 3 | . . . . . . . . . . 2 . . 1 . . Cetus Guard 8 | . . . . . . . . . . . 8 . . . . Best Kill Streak 17 | . 4 . . 4 5 3 . 3 8 9 12 3 17 . 15 Combat Bots Only 15 | . 4 . . 4 4 2 . 3 8 5 11 3 12 . 15 Max Kills in Single Turn 4 | . 1 . . 1 2 2 . 1 2 3 1 1 4 . 4 Gunslinging 2 | . . . . . . . . . . . . . 2 . . Exploded 4 | . . . . 1 1 . . . . . . . . . 4 Melee 1 | . . . . . . . . . . . . . 1 . . Uniques/NPCs Destroyed . | . . . . . . . . . . . . . . . . Combat | -11 -10 -10 -10 -9 -8 -7 -6 -6 -5 -5 -5 -4 -3 -2 -2 -------- Run | Scr Mat Min Exi Min Mat Fac Fac DSF Fac Ext Cet Fac Res Res Tes Damage Taken 14827 | . 175 . . 11 91 431 . 155 1625 1077 1585 360 4551 . 4766 Core 2281 | . 23 . . . 30 7 . . 88 131 114 62 370 . 1456 Absorbed by Shields 895 | . . . . . . . . . . . . . . . 895 Core Remaining (%) 89 | 100 . . . 90 94 99 . 100 . . 66 94 71 . . Volleys Fired 354 | . 18 . . . 10 20 . 7 32 40 45 8 150 . 24 Largest 4 | . 2 . . . 1 1 . 1 2 4 4 4 4 . 4 Hottest 166 | . 80 . . . 60 60 . 60 135 153 158 158 161 . 166 Shots Fired 1152 | . 36 . . 7 45 62 . 22 84 114 148 31 569 . 34 Gun 928 | . 18 . . 7 35 42 . 15 24 63 115 29 568 . 12 Cannon 219 | . 18 . . . 10 20 . 7 60 51 33 2 1 . 17 Launcher 5 | . . . . . . . . . . . . . . . 5 Special . | . . . . . . . . . . . . . . . . Kinetic 1117 | . 18 . . 7 43 62 . 22 84 114 148 31 562 . 26 Thermal 30 | . 18 . . . 2 . . . . . . . 7 . 3 Explosive 5 | . . . . . . . . . . . . . . . 5 Electromagnetic . | . . . . . . . . . . . . . . . . Robot Hit Streak 35 | . 10 . . 13 26 35 . 22 11 11 21 7 22 . 12 Robot Miss Streak 5 | . 1 . . 1 1 2 . 1 3 3 2 1 5 . 3 Penetration Max 2 | . . . . . 1 . . . 1 1 1 1 1 . 2 Secondary Targets 28 | . . . . . . . . . . . . . 28 . . Max Gunslinging Chain 2 | . . . . . . . . . . . . . 2 . . Autonomous 124 | . . . . 7 35 42 . 15 25 . . . . . . Shots Hit Robots 841 | . 26 . . 6 43 52 . 19 53 76 111 24 407 . 24 Core Hits 515 | . 12 . . 4 17 17 . 11 27 55 55 8 251 . 58 Critical Kills 54 | . . . . . . 1 . . . 3 6 . 39 . 5 Critical Parts Destroyed 83 | . . . . . 1 . . 1 . 1 11 3 60 . 6 Critical Strikes 162 | . . . . . 1 3 . 2 7 10 21 3 101 . 14 Burn 1 | . . . . . . . . . . . . . . . 1 Destroy 142 | . . . . . 1 1 . 1 . 5 19 3 101 . 11 Blast 19 | . . . . . . 2 . 1 7 5 2 . . . 2 Melee Attacks . | . . . . . . . . . . . . . . . . Impact . | . . . . . . . . . . . . . . . . Slashing . | . . . . . . . . . . . . . . . . Piercing . | . . . . . . . . . . . . . . . . Sneak Attacks . | . . . . . . . . . . . . . . . . Combat Hostiles . | . . . . . . . . . . . . . . . . Follow-up Attacks . | . . . . . . . . . . . . . . . . Damage Inflicted 30845 | . 362 . . 248 1411 1784 . 619 3092 2626 3022 745 13102 . 3834 Guns 20377 | . 99 . . 167 1168 1036 . 364 489 1242 2308 712 12592 . 200 Cannons 6515 | . 259 . . . 202 708 . 255 2595 1342 714 33 46 . 361 Explosions 3743 | . . . . 67 . . . . . . . . 403 . 3273 Melee . | . . . . . . . . . . . . . . . . Ramming 210 | . 4 . . 14 41 40 . . 8 42 . . 61 . . Kinetic 26463 | . 99 . . 167 1336 1744 . 619 3084 2584 3022 745 12554 . 509 Thermal 496 | . 259 . . 67 34 . . . . . . . 84 . 52 Explosive 3676 | . . . . . . . . . . . . . 403 . 3273 Electromagnetic . | . . . . . . . . . . . . . . . . Impact . | . . . . . . . . . . . . . . . . Slashing . | . . . . . . . . . . . . . . . . Piercing . | . . . . . . . . . . . . . . . . Highest Corruption 5 | . . . . . . 1 . . 1 1 1 . 4 . 5 Average Corruption 1 | . . . . . . 1 . . 1 1 1 . 2 . 4 Corruption Purged . | . . . . . . . . . . . . . . . . Effects 43 | . . . . . . 8 . . 5 7 2 . 19 . 2 Message Errors 14 | . . . . . . 3 . . 1 5 . . 4 . 1 Matter Fused 3 | . . . . . . . . . . . . . 3 . . Heat Flow Errors 2 | . . . . . . . . . . . . . 1 . 1 Energy Discharges 13 | . . . . . . 3 . . 2 2 . . 6 . . Data Loss (minor) 8 | . . . . . . 2 . . 2 . 2 . 2 . . Weapon Failures 3 | . . . . . . . . . . . . . 3 . . Overload Shots . | . . . . . . . . . . . . . . . . Overflow Damage 369 | . . . . 6 18 29 . 35 169 10 . . 75 . 27 Projectiles 260 | . . . . . 17 29 . 35 169 10 . . . . . Explosions 108 | . . . . 6 . . . . . . . . 75 . 27 Melee 1 | . . . . . 1 . . . . . . . . . . Knockbacks 35 | . . . . . 3 3 . . 14 5 3 . 1 . 6 Impact 3 | . . . . . 1 . . . . 1 . . 1 . . Kinetic 29 | . . . . . 2 3 . . 13 3 2 . . . 6 Secondary 3 | . . . . . . . . . 1 1 1 . . . . Self-Inflicted Damage 70 | . . . . . . 10 . . . . . . 60 . . Shots 1 | . . . . . . . . . . . . . 1 . . Rammed 2 | . . . . . . 2 . . . . . . . . . Targets Rammed 18 | . 3 . . 1 4 3 . . 1 3 . . 3 . . Kicked 16 | . 3 . . 1 4 1 . . 1 3 . . 3 . . Crushed . | . . . . . . . . . . . . . . . . Highest Temperature 1512 | . 220 . . . 12 28 . 1512 369 28 56 39 217 . 413 Average Temperature 111 | . 94 . . . 6 10 . 573 155 11 26 14 37 . 127 Received Heat Transfer 3126 | . 36 . . . 45 57 . . 603 261 207 18 1079 . 820 Effects 31 | . . . . . . . . 23 2 . . . . . 6 Shutdowns 8 | . . . . . . . . 5 1 . . . . . 2 Energy Bleed 4 | . . . . . . . . 3 . . . . . . 1 Interference 10 | . . . . . . . . 6 1 . . . . . 3 Short Circuit 1 | . . . . . . . . 1 . . . . . . . Damage (major) 8 | . . . . . . . . 8 . . . . . . . Siege Activations . | . . . . . . . . . . . . . . . . Robots Corrupted . | . . . . . . . . . . . . . . . . Combat Hostiles . | . . . . . . . . . . . . . . . . Parts Fried . | . . . . . . . . . . . . . . . . Impact Corruptions 1 | . . . . . 1 . . . . . . . . . . Robots Melted . | . . . . . . . . . . . . . . . . Combat Hostiles . | . . . . . . . . . . . . . . . . Parts Melted 5 | . . . . . . . . 3 . . . . 2 . . Heat Transferred 1062 | . 555 . . 100 74 . . . . . . . 148 . 185 Parts Sabotaged 6 | . . . . . . . . . . . . . 3 . 3 Parts Stolen . | . . . . . . . . . . . . . . . . Parts Stripped . | . . . . . . . . . . . . . . . . Power Chain Reactions . | . . . . . . . . . . . . . . . . Missiles Intercepted . | . . . . . . . . . . . . . . . . Alert | -11 -10 -10 -10 -9 -8 -7 -6 -6 -5 -5 -5 -4 -3 -2 -2 ------- Run | Scr Mat Min Exi Min Mat Fac Fac DSF Fac Ext Cet Fac Res Res Tes Peak Influence 2051 | . 200 . . 99 196 228 108 274 594 276 505 236 1566 767 2051 Initial 767 | . . . . . 32 30 96 68 124 120 134 190 35 767 375 Average 348 | . 60 . . 60 65 57 100 192 362 151 372 133 939 767 1807 Maximum Alert Level 5 | . 1 . . . . 1 . 1 2 1 2 1 4 3 5 Low Security (%) 59 | 100 83 100 . 100 100 96 100 53 11 80 6 97 7 . . Level 1 12 | . 16 . . . . 3 . 46 38 19 37 2 6 . . Level 2 11 | . . . . . . . . . 49 . 56 . 16 . . Level 3 7 | . . . . . . . . . . . . . 39 100 . Level 4 5 | . . . . . . . . . . . . . 30 . . Level 5 . | . . . . . . . . . . . . . . . . High Security . | . . . . . . . . . . . . . . . . Max Security 2 | . . . . . . . . . . . . . . . 99 Sterilizations 1 | . . . . . . . . 1 . . . . . . . Squads Dispatched 57 | . 1 . . . 1 4 . 2 7 3 . 4 22 . 13 Investigation 7 | . 1 . . . . 1 . . 1 3 . . 1 . . Extermination 7 | . . . . . . 1 . . 1 . . 2 3 . . Reinforcement 17 | . . . . . . 2 . 2 2 . . 2 8 . 1 Assault 16 | . . . . . . . . . . . . . 4 . 12 Garrison 10 | . . . . . 1 . . . 3 . . . 6 . . Intercept . | . . . . . . . . . . . . . . . . Construction Impeded 4 | . . . . . . . . . 1 . . . 3 . . Haulers Reinforced 2 | . . . . . . . . . . . . . 2 . . Active Scanning Responses . | . . . . . . . . . . . . . . . . Cargo Convoy Interrupts 1 | . . . . . . 1 . . . . . . . . . Stealth | -11 -10 -10 -10 -9 -8 -7 -6 -6 -5 -5 -5 -4 -3 -2 -2 --------- Run | Scr Mat Min Exi Min Mat Fac Fac DSF Fac Ext Cet Fac Res Res Tes Distress Signals 12 | . . . . . 1 . . . 2 3 1 . 5 . . Communications Jammed . | . . . . . . . . . . . . . . . . Distress Signals . | . . . . . . . . . . . . . . . . Times Spotted 320 | . 15 . . 2 10 11 . 7 35 25 21 11 110 . 73 Peak Tracking Total 32 | . 6 . . 2 3 3 . 3 12 4 6 3 11 . 32 Tactical Retreats 12 | . . . . . . . . . 5 2 . . 4 . 1 Traps | -11 -10 -10 -10 -9 -8 -7 -6 -6 -5 -5 -5 -4 -3 -2 -2 ------- Run | Scr Mat Min Exi Min Mat Fac Fac DSF Fac Ext Cet Fac Res Res Tes Traps Triggered 16 | . 1 . . . 3 2 . 6 . 3 . . 1 . . Indirectly . | . . . . . . . . . . . . . . . . Trap Hack Attempts . | . . . . . . . . . . . . . . . . Triggered . | . . . . . . . . . . . . . . . . Disarmed . | . . . . . . . . . . . . . . . . Reprogrammed . | . . . . . . . . . . . . . . . . Reused . | . . . . . . . . . . . . . . . . Traps Extracted . | . . . . . . . . . . . . . . . . Installed . | . . . . . . . . . . . . . . . . Triggered 1 | . . . . . . 1 . . . . . . . . . Exploded 1 | . . . . . 1 . . . . . . . . . . Machines | -11 -10 -10 -10 -9 -8 -7 -6 -6 -5 -5 -5 -4 -3 -2 -2 ---------- Run | Scr Mat Min Exi Min Mat Fac Fac DSF Fac Ext Cet Fac Res Res Tes Machines Disabled 20 | . . . . 1 2 6 . . . . 2 . 8 . 1 Max in Single Turn 6 | . . . . 1 1 6 . . . . 1 . 2 . 1 Garrison Access 1 | . . . . . . 1 . . . . . . . . . Machines Sabotaged . | . . . . . . . . . . . . . . . . Garrisons Compromised 1 | . . . . . . 1 . . . . . . . . . Overloaded Fab Kills . | . . . . . . . . . . . . . . . . Hacking | -11 -10 -10 -10 -9 -8 -7 -6 -6 -5 -5 -5 -4 -3 -2 -2 --------- Run | Scr Mat Min Exi Min Mat Fac Fac DSF Fac Ext Cet Fac Res Res Tes Machines Accessed 38 | . 5 . 1 . 4 10 2 . 4 5 3 1 3 . . Terminals 25 | . 3 . . . 3 7 1 . 2 4 3 . 2 . . Fabricators 3 | . . . . . . 2 . . . . . 1 . . . Repair Stations 4 | . 1 . . . 1 . 1 . . . . . 1 . . Recycling Units 2 | . 1 . . . . . . . . 1 . . . . . Scanalyzers 1 | . . . . . . . . . 1 . . . . . . Garrison Access 2 | . . . . . . 1 . . 1 . . . . . . Total Hacks 94 | . 15 . 1 . 10 21 3 . 7 17 10 6 4 . . Successful 56 | . 10 . 1 . 8 10 3 . 3 8 5 6 2 . . Failed 38 | . 5 . . . 2 11 . . 4 9 5 . 2 . . Catastrophic 7 | . 1 . . . 1 . . . 3 1 . . 1 . . Database Lockouts . | . . . . . . . . . . . . . . . . Manual 18 | . 4 . 1 . 3 6 . . 2 . . . 2 . . Terminals 63 | . 8 . . . 8 16 1 . 3 15 10 . 2 . . Fabricators 10 | . . . . . . 4 . . . . . 6 . . . Repair Stations 12 | . 6 . . . 2 . 2 . . . . . 2 . . Recycling Units 3 | . 1 . . . . . . . . 2 . . . . . Scanalyzers 2 | . . . . . . . . . 2 . . . . . . Garrison Access 3 | . . . . . . 1 . . 2 . . . . . . Terminal Hacks 32 | . 4 . 1 . 6 8 1 . 1 6 5 . . . . Record 9 | . 1 . . . 3 1 . . . . 4 . . . . Robot Schematic 1 | . . . . . . 1 . . . . . . . . . Robot Analysis 6 | . . . . . . 4 . . . 2 . . . . . Prototype ID Bank 2 | . . . . . 1 . . . . 1 . . . . . Open Door 1 | . . . . . . . . . . . 1 . . . . Open DSF 2 | . . . . . . 1 1 . . . . . . . . Level Access Points 1 | . . . . . 1 . . . . . . . . . . Branch Access Points 2 | . 1 . . . 1 . . . . . . . . . . Alert Level 1 | . . . . . . . . . . 1 . . . . . Locate Traps 2 | . 1 . . . . 1 . . . . . . . . . Dispatch Records 1 | . . . . . . . . . 1 . . . . . . Recall Investigation 1 | . 1 . . . . . . . . . . . . . . Hauler Manifests 1 | . . . . . . . . . . 1 . . . . . Registered Prototypes 1 | . . . . . . . . . . 1 . . . . . EX-Prototype ID Bank 1 | . . . 1 . . . . . . . . . . . . Fabricator Hacks 7 | . . . . . . 1 . . . . . 6 . . . Load Schematic 2 | . . . . . . 1 . . . . . 1 . . . Build 5 | . . . . . . . . . . . . 5 . . . Repair Station Hacks 11 | . 5 . . . 2 . 2 . . . . . 2 . . Scan Component 6 | . 3 . . . 1 . 1 . . . . . 1 . . Repair 5 | . 2 . . . 1 . 1 . . . . . 1 . . Recycling Unit Hacks 3 | . 1 . . . . . . . . 2 . . . . . Report Inventory 2 | . 1 . . . . . . . . 1 . . . . . Retrieve Matter 1 | . . . . . . . . . . 1 . . . . . Scanalyzer 2 | . . . . . . . . . 2 . . . . . . Insert Component 1 | . . . . . . . . . 1 . . . . . . Analyze 1 | . . . . . . . . . 1 . . . . . . Garrison Access Hacks 1 | . . . . . . 1 . . . . . . . . . Seal Access 1 | . . . . . . 1 . . . . . . . . . Unauthorized Hacks . | . . . . . . . . . . . . . . . . Terminals . | . . . . . . . . . . . . . . . . Fabricators . | . . . . . . . . . . . . . . . . Repair Stations . | . . . . . . . . . . . . . . . . Recycling Units . | . . . . . . . . . . . . . . . . Scanalyzers . | . . . . . . . . . . . . . . . . Garrison Access . | . . . . . . . . . . . . . . . . Data Cores Recovered . | . . . . . . . . . . . . . . . . Used . | . . . . . . . . . . . . . . . . Hacking Detections 31 | . 4 . . . 3 9 1 . 3 5 2 1 3 . . Full Trace Events 4 | . 1 . . . . 1 . . 1 1 . . . . . Feedback Events 1 | . . . . . . . . . 1 . . . . . . Corruption 1 | . . . . . . . . . 1 . . . . . . Feedback Blocked . | . . . . . . . . . . . . . . . . Robot Schematics Acquired 1 | . . . . . . 1 . . . . . . . . . Robots Built 10 | . . . . . . . . . . . . 10 . . . Authchips 5 | . . . . . . . . . . . . 5 . . . Time 580 | . . . . . . . . . . . . 580 . . . Total Robot Build Rating 30 | . . . . . . . . . . . . 30 . . . Part Schematics Acquired 1 | . . . . . . . . . 1 . . . . . . Parts Built . | . . . . . . . . . . . . . . . . Authchips . | . . . . . . . . . . . . . . . . Time . | . . . . . . . . . . . . . . . . Total Part Build Rating . | . . . . . . . . . . . . . . . . Parts Repaired 5 | . 2 . . . 1 . 1 . . . . . 1 . . Time 146 | . 52 . . . 26 . 19 . . . . . 49 . . Parts Recycled . | . . . . . . . . . . . . . . . . Recycled Matter . | . . . . . . . . . . . . . . . . Retrieved Matter . | . . . . . . . . . . . . . . . . Retrieved Components . | . . . . . . . . . . . . . . . . Parts Scanalyzed 1 | . . . . . . . . . 1 . . . . . . Part Schematics Acquired 1 | . . . . . . . . . 1 . . . . . . Parts Damaged 1 | . . . . . . . . . 1 . . . . . . Bothacking | -11 -10 -10 -10 -9 -8 -7 -6 -6 -5 -5 -5 -4 -3 -2 -2 ------------ Run | Scr Mat Min Exi Min Mat Fac Fac DSF Fac Ext Cet Fac Res Res Tes Used RIF Installer . | . . . . . . . . . . . . . . . . Robots Hacked . | . . . . . . . . . . . . . . . . Non-combat . | . . . . . . . . . . . . . . . . Combat . | . . . . . . . . . . . . . . . . Robot Hacks Applied . | . . . . . . . . . . . . . . . . Relay Couplers Released . | . . . . . . . . . . . . . . . . Fabnet Peak Effective % . | . . . . . . . . . . . . . . . . Robots Rewired . | . . . . . . . . . . . . . . . . Allies Hacked . | . . . . . . . . . . . . . . . . Hacks Repelled . | . . . . . . . . . . . . . . . . Allies | -11 -10 -10 -10 -9 -8 -7 -6 -6 -5 -5 -5 -4 -3 -2 -2 -------- Run | Scr Mat Min Exi Min Mat Fac Fac DSF Fac Ext Cet Fac Res Res Tes Total Allies 12 | . . . . . . . . . . 2 . 10 . . . Largest Group 10 | . . . . . . . . . . 1 . 10 4 . . Highest-Rated Group 210 | . . . . . . . . . . 159 . 210 84 . . Highest-Rated Ally 159 | . . . . . . . . . . 159 . 21 21 . . Total Orders 3 | . . . . . . . . . . . . . 3 . . STAY 2 | . . . . . . . . . . . . . 2 . . FOLLOW 1 | . . . . . . . . . . . . . 1 . . Ally Attacks 70 | . . . . . . . . . . 5 . 40 25 . . Total Damage 1792 | . . . . . . . . . . 158 . 982 652 . . Kills 12 | . . . . . . . . . . . . 9 3 . . Allies Corrupted . | . . . . . . . . . . . . . . . . Allies Melted 1 | . . . . . . . . . . 1 . . . . . Intel | -11 -10 -10 -10 -9 -8 -7 -6 -6 -5 -5 -5 -4 -3 -2 -2 ------- Run | Scr Mat Min Exi Min Mat Fac Fac DSF Fac Ext Cet Fac Res Res Tes Robot Analysis Total 6 | . . . . . . 4 . . . 2 . . . . . Derelict Logs Recovered . | . . . . . . . . . . . . . . . . Drone Launches . | . . . . . . . . . . . . . . . . Drone Recoveries . | . . . . . . . . . . . . . . . . Exploration | -11 -10 -10 -10 -9 -8 -7 -6 -6 -5 -5 -5 -4 -3 -2 -2 ------------- Run | Scr Mat Min Exi Min Mat Fac Fac DSF Fac Ext Cet Fac Res Res Tes Turns Passed 11103 | 67 480 48 1151 386 1353 1306 194 307 1006 1182 540 877 1913 19 274 Spaces Moved 5480 | 42 200 41 646 132 668 853 154 198 486 624 329 180 775 15 137 Core 58 | 15 . . . . . . . . . . . . . . 43 Treads . | . . . . . . . . . . . . . . . . Legs 4542 | 27 200 41 646 132 668 325 . . 486 624 329 180 775 15 94 Wheels 880 | . . . . . . 528 154 198 . . . . . . . Hover . | . . . . . . . . . . . . . . . . Flight . | . . . . . . . . . . . . . . . . Fastest Speed 50 | 50 120 120 120 190 120 100 100 100 120 120 120 120 120 120 50 Average Speed 136 | 131 120 120 176 190 120 134 100 112 166 145 120 120 120 120 109 Slowest Speed 260 | 250 120 120 190 190 190 190 100 130 190 190 120 120 120 120 260 Overloaded Moves . | . . . . . . . . . . . . . . . . Propulsion Burnouts . | . . . . . . . . . . . . . . . . Robots Hopped . | . . . . . . . . . . . . . . . . Cave-ins Triggered 1 | . . . . . . . . . . . . . . . 1 Exploration Rate (%) 38 | 4 38 14 86 31 45 25 6 98 17 70 96 5 31 . 14 Regions Visited 15 Branch Regions 6 Pre-discovered Areas . | . . . . . . . . . . . . . . . . Known Exits Taken 3 | . 1 . . . 1 . 1 . . . . . . . . Unknown Exits Taken 11 | 1 . 1 1 1 . 1 . . 1 1 1 1 1 1 . Scrap Searched 1 | . . 1 . . . . . . . . . . . . . Spaces Dug 13 | . . . . . . 4 . 2 3 2 . . 1 . 1 Terrain Destroyed 275 | . . . . 13 17 69 . 2 32 15 9 4 51 . 63 Melee . | . . . . . . . . . . . . . . . . Projectile 137 | . . . . 5 17 14 . 2 32 15 9 4 36 . 3 AOE 135 | . . . . 8 . 55 . . . . . . 14 . 58 Terrain Rammed . | . . . . . . . . . . . . . . . . Walls Destroyed . | . . . . . . . . . . . . . . . . Machines Disabled . | . . . . . . . . . . . . . . . . Actions | -11 -10 -10 -10 -9 -8 -7 -6 -6 -5 -5 -5 -4 -3 -2 -2 --------- Run | Scr Mat Min Exi Min Mat Fac Fac DSF Fac Ext Cet Fac Res Res Tes Total 8467 | 51 408 40 655 267 1212 997 192 284 592 818 400 823 1475 16 237 Wait 2171 | . 164 . . 134 490 82 32 2 41 128 6 614 434 . 44 Move 5465 | 41 199 40 645 131 667 852 153 197 485 623 328 179 774 14 137 Hop . | . . . . . . . . . . . . . . . . Pick Up 103 | 4 9 . 5 1 14 15 2 12 7 6 2 5 19 . 2 Fast Attach 54 | 6 4 . 1 . 5 2 1 1 7 2 3 2 18 . 2 Attach 61 | . . . . . 5 4 2 1 6 4 2 9 13 2 13 Detach 5 | . . . . . . 1 . . . . 1 . 2 . 1 Swap 67 | . 3 . 1 . 4 1 2 7 5 4 6 4 29 . 1 Drop 116 | . 8 . 3 . 13 17 . 17 8 3 7 2 33 . 5 Fire 354 | . 18 . . . 10 20 . 7 32 40 45 8 150 . 24 Melee . | . . . . . . . . . . . . . . . . Ram 2 | . . . . . . 2 . . . . . . . . . Kick 16 | . 3 . . 1 4 1 . . 1 3 . . 3 . . Crush . | . . . . . . . . . . . . . . . . Escape Stasis 53 | . . . . . . . . 40 . 5 . . . . 8 Rewire . | . . . . . . . . . . . . . . . . Trap . | . . . . . . . . . . . . . . . . Miscellaneous . | . . . . . . . . . . . . . . . . Route ------- -11/Scrapyard -10/Materials (discovered 2 exits: *Min x2) -10/Mines -10/Exiles -9/Mines -8/Materials (discovered 4 exits: *Fac x3 / Sto) -7/Factory -6/Factory (discovered 2 exits: [*Low] / DSF) -6/DSF -5/Factory -5/Extension (discovered 2 exits: *Fac / *Cet) -5/Cetus (discovered 3 exits: *Fac x2 / [*Arc]) -4/Factory -3/Research -2/Research -2/Testing History --------- Turn | Location | Event 18 | -11/Scrapyard | Discovered new exit (range 15) 68 | -11/Scrapyard | Entered Materials 111 | -10/Materials | Identified exit to Mines 316 | -10/Materials | Build established: Mutant 508 | -10/Materials | Repaired Beam Cannon 535 | -10/Materials | Repaired Ion Engine 548 | -10/Materials | Entered Mines 592 | -10/Mines | Deemed a non-threat by the Exiles lab entrance 592 | -10/Mines | Discovered new exit (range 5) 596 | -10/Mines | Entered Exiles 628 | -10/Exiles | Met 8R-AWN 648 | -10/Exiles | Met EX-HEX 685 | -10/Exiles | Met EX-BIN 703 | -10/Exiles | Aligned with FarCom system 704 | -10/Exiles | Given EX-Vault access code 732 | -10/Exiles | Opened EX-Vault 742 | -10/Exiles | Found AWS/Gauss 785 | -10/Exiles | Warned to stay clear of 0b10 Research branches 912 | -10/Exiles | Met EX-DEC 951 | -10/Exiles | Visited The Gauntlet 1189 | -10/Exiles | Discovered new exit (range 14) 1747 | -10/Exiles | Left Exiles lab with AWS/Gauss 1747 | -10/Exiles | Entered Mines 1925 | -9/Mines | Discovered new exit (range 7) 1957 | -9/Mines | A weapon hastily lodged in a ceiling crevice suddenly fell to the ground 2133 | -9/Mines | Entered Materials 2133 | -8/Materials | Evolved 4 slots: Propulsion x2, Utility x1, Weapon x1 2219 | -8/Materials | Repaired Aluminum Leg 2417 | -8/Materials | Build established: Skirmisher 3128 | -8/Materials | Identified exit to Factory 3128 | -8/Materials | Identified exit to Storage 3400 | -8/Materials | Garrison activated, responded to threat 3486 | -8/Materials | Entered Factory 3486 | -7/Factory | Evolved 2 slots: Utility x1, Weapon x1 4277 | -7/Factory | Cargo convoy interrupted 4699 | -7/Factory | Discovered new exit (range 5) 4792 | -7/Factory | Entered another Factory area 4792 | -6/Factory | Evolved 2 slots: Utility x2 4926 | -6/Factory | Repaired Hvy. Assault Cannon 4958 | -6/Factory | Discovered new exit (range 20) 4986 | -6/Factory | Identified exit to DSF 4986 | -6/Factory | Entered DSF 5006 | -6/DSF | Additional patrols routed to DSF 5164 | -6/DSF | Sterilization system engaged 5184 | -6/DSF | Ambient heat levels rising (+10) 5184 | -6/DSF | Discovered new exit (range 17) 5199 | -6/DSF | Ambient heat levels rising (+10) 5214 | -6/DSF | Ambient heat levels rising (+10) 5229 | -6/DSF | Ambient heat levels rising (+10) 5244 | -6/DSF | Ambient heat levels rising (+10) 5259 | -6/DSF | Ambient heat levels rising (+10) 5274 | -6/DSF | Ambient heat levels rising (+10) 5289 | -6/DSF | Ambient heat levels rising (+10) 5293 | -6/DSF | Entered Factory 5293 | -5/Factory | Evolved 2 slots: Utility x2 5384 | -5/Factory | Garrison activated, responded to threat 5469 | -5/Factory | Destroyed 8 combat bots 5471 | -5/Factory | Lost 5 parts (3u2w) 5935 | -5/Factory | Build established: Gunner 6259 | -5/Factory | Discovered new exit (range 21) 6299 | -5/Factory | Entered Extension 6478 | -5/Extension | Rescued a captive Derelict 6712 | -5/Extension | Rescued A7 6817 | -5/Extension | Spotted B-75 Beast 6837 | -5/Extension | Extracted ID and sensor layout for unrecognized location from A7's data core 6844 | -5/Extension | Spotted B-75 Beast 6912 | -5/Extension | Lost 4 parts (1p1u2w) 7274 | -5/Extension | Destroyed B-75 Beast 7296 | -5/Extension | Destroyed B-75 Beast 7424 | -5/Extension | Discovered new exit (range 22) 7425 | -5/Extension | Discovered new exit (range 21) 7481 | -5/Extension | Entered Cetus 7495 | -5/Cetus | Spotted Cetus Guard 7495 | -5/Cetus | Spotted Cetus Guard 7495 | -5/Cetus | Spotted Cetus Guard 7495 | -5/Cetus | Spotted Cetus Guard 7501 | -5/Cetus | Destroyed Cetus Guard 7508 | -5/Cetus | Destroyed Cetus Guard 7514 | -5/Cetus | Destroyed Cetus Guard 7528 | -5/Cetus | Destroyed Cetus Guard 7596 | -5/Cetus | Destroyed 11 combat bots 7656 | -5/Cetus | Discovered new exit (range 21) 7809 | -5/Cetus | Cetus Manufacturing Module disabled 7907 | -5/Cetus | Discovered new exit (range 22) 7912 | -5/Cetus | Build established: Scavenger-Gunner 7931 | -5/Cetus | Spotted Cetus Guard 7934 | -5/Cetus | Spotted Cetus Guard 7934 | -5/Cetus | Spotted Cetus Guard 7939 | -5/Cetus | Spotted Cetus Guard 7939 | -5/Cetus | Destroyed Cetus Guard 7945 | -5/Cetus | Destroyed Cetus Guard 7959 | -5/Cetus | Destroyed Cetus Guard 7962 | -5/Cetus | Destroyed Cetus Guard 7965 | -5/Cetus | Discovered new exit (range 22) 7978 | -5/Cetus | Met Revision 17 8021 | -5/Cetus | Entered Factory 8021 | -4/Factory | Evolved 2 slots: Propulsion x1, Utility x1 8245 | -4/Factory | Fabricated H-55 Commando (x2) 8362 | -4/Factory | Fabricated H-55 Commando (x2) 8479 | -4/Factory | Fabricated H-55 Commando (x2) 8596 | -4/Factory | Fabricated H-55 Commando (x2) 8713 | -4/Factory | Fabricated H-55 Commando (x2) 8818 | -4/Factory | P-70 Sage assimilated allied Commando 7j 8821 | -4/Factory | Discovered new exit (range 18) 8898 | -4/Factory | Entered Research 8898 | -3/Research | Accompanied by 4 allies 8898 | -3/Research | Evolved 2 slots: Power x1, Propulsion x1 9011 | -3/Research | Garrison activated, responded to threat 9160 | -3/Research | Destroyed 7 combat bots 9233 | -3/Research | Destroyed 12 combat bots 9398 | -3/Research | First assault squad dispatched 9591 | -3/Research | Destroyed 12 combat bots 9978 | -3/Research | Repaired Imp. KE Penetrator 10283 | -3/Research | Destroyed 10 combat bots 10302 | -3/Research | Spotted B-86 Titan 10319 | -3/Research | Destroyed B-86 Titan 10585 | -3/Research | Garrison activated, responded to threat 10627 | -3/Research | Lost 7 parts (2n3u2w) 10642 | -3/Research | Destroyed 9 combat bots 10742 | -3/Research | Discovered new exit (range 4) 10811 | -3/Research | Entered another Research area 10811 | -2/Research | Evolved 2 slots: Utility x2 10824 | -2/Research | Discovered new exit (range 5) 10830 | -2/Research | Entered Testing 10831 | -2/Testing | Maximum security lockdown engaged 10881 | -2/Testing | Scanned by Researcher 10885 | -2/Testing | Found Prototype Ballistic Cannon 10887 | -2/Testing | Identified Perforator 10986 | -2/Testing | Destroyed 15 combat bots 11014 | -2/Testing | Crushed by falling debris 11054 | -2/Testing | Spotted Investigator 11078 | -2/Testing | Core integrity fell below 50% 11095 | -2/Testing | Core integrity fell below 20% 11104 | -2/Testing | Destroyed by G-73 Enforcer with Heavy Laser Last Messages --------------- 11091_ Investigator stasis bubble strength at 102. 11091_ Penetrated by Slug. 11092_ Investigator stasis bubble strength at 95. 11093_ Investigator stasis bubble strength at 88. 11094_ Critical hit (Burn: +17). 11094_ Investigator stasis bubble strength at 81. 11094_ G-73 Enforcer destroyed. 11095_ Investigator stasis bubble strength at 74. 11096_ Critical hit (Burn: +18). 11096_ Investigator stasis bubble strength at 67. 11097_ Investigator stasis bubble strength at 60. 11097_ Penetrated by Slug. 11098_ Investigator stasis bubble strength at 53. 11099_ Investigator stasis bubble strength at 46. 11100_ Investigator stasis bubble strength at 39. 11100_ Penetrated by Slug. 11101_ Investigator stasis bubble strength at 32. 11102_ Investigator stasis bubble strength at 25. 11103_ Investigator stasis bubble strength at 18. 11104_ Investigator stasis bubble strength at 11. Map ----- +----------------------------------------------------+ | ?????????????????????????????????????????????????? | | ?????????????????????????????????????????????????? | | ?????????????????????????????????????????????????? | | ?????????????????????????????????????????????????? | | ?????????????????????????????????????????????????? | | ?????????????????????????????????????????????????? | | ???? ????????????????????????????????????????????? | | ???? ???????????????????????????????????????????? | | ??# ???????????????????????????????????????????? | | ??# ??????????????????????????????????????????? | | ???? "??????????????????????????????????????????? | | ######/###########???????????????????????????????? | | "% #???????????????????????????????? | | """"%""""" = #???????????????????????????????? | | """"" """" #???????????????????????????????? | | """"" """"" #???????????????????????????????? | | ["""" """" #???????????????????????????????? | | =%![=! #???????????????????????????????? | | */*[[% #?????????????????????? ? ??????? | | !%%!* #???????????????????? ??????? | | %%!## #/##########################? ???????? | | [=% g i/m gg[!"""" #%" ?????????? | | !% # " ############b"""g[""R"" +% w???????????? | | * # "%"#??????????#g"""gc"" ""%#??????????????? | | %= # "%"g#??????????#hg""ggg=g #????p?????????? | | %%% "^ #??????????# gg@%g! [#??????????????? | | [=*## #??????????#g############?p????????????? | | # # #???????????g??????????????????????????? | | ### #???????????Clggg????b?????????????????? | | ### #??????????????g???????????????????????? | | ! "## #??????????????h???????????????????????? | | %= ### +????????????????h?????????????????????? | | =! T# #??????????????????????????????????????? | | """# #??????????? ?????????????????????????? | | "%### ########## ????????????????????????? | | ????????????????????????? | | ???????????????????????? | | ""?????????????????????????? | | ""?????????????????????????? | | ###### ###+######+????????????????????????????? | | ?????# #??????????????????????????????????????? | | ###### #??????????????????????????????????????? | | #??????????????????????????????????????? | | #??????????????????????????????????????? | | """"## #??????????????????????????????????????? | | ??#### #??????????????????????????????????????? | | ?????# #??????????????????????????????????????? | | ?????# #??????????????????????????????????????? | | ?????# #??????????????????????????????????????? | | ?????######??????????????????????????????????????? | +----------------------------------------------------+ Best States ------------- Heat Dissipation 102 Energy Generation 41 Energy Capacity 575 Matter Stores 350 Matter Capacity 350 Sight Range 22 Terrain Scan Density 10 Cloak Strength 3 EM Shielding 3 Armor Coverage 750 Resistance: KI 20 Resistance: TH 45 Resistance: EX 70 Resistance: EM 20 Resistance: I 20 Resistance: S 20 Resistance: P 20 Utility Shielding 66 Weapon Cycling 25 Evasion (%) 55 Targeting Accuracy 6 Target Analysis 8 Core Analysis 8 Armor Integrity Analysis 30 Matter Filtering 30 Offensive Hacking 10 Authchip Count 5 Item Schematics ----------------- Arm. Leg | -5/Factory | Scanalyzed Robot Schematics ------------------ H-55 Commando | -7/Factory | Hacked Fabricated ------------ H-55 Commando | x2 | -4/Factory | Authchip H-55 Commando | x2 | -4/Factory | Authchip H-55 Commando | x2 | -4/Factory | Authchip H-55 Commando | x2 | -4/Factory | Authchip H-55 Commando | x2 | -4/Factory | Authchip Alien Tech Used ----------------- None Achievements -------------- Gunslinger Left-hand Path Revising The Future War Machine Challenges ------------ None Game ------ Seed HypercooledIntegratedCloak Manual? 0 Play Time 02:11:17 Cumulative 77.3 hours Start 2021.11.20 @ 05:43:45 End 2021.11.20 @ 07:59:06 Sessions 1 Manual Loads 0 Difficulty Adventurer Special Mode None Game No. 46 Rogue 9 Adventurer 37 Explorer 0 Win Type - Total 1 Types 1/0/0/0/0/0/0/0/0 Lore% 40 Gallery% 53 Achievement% 45 Wizard Run 0 Options --------- ASCII 0 Keyboard 0 Movement Mouse Keybinds 0 Fullscreen 1 Font 24/Smallcaps Map View 76x50 Tactical HUD 1 Map Filters NONE Filters NONE Steam 1 RUN: 8d1eb409-9a68-4de3-9728-afa0081edb38